 Dungeon Crawl Stone Soup version 0.29.1-15-g9cfb28693d (webtiles) character file.

Game seed: 7458041536481190165

8110 McKennaii the Geomancer (level 10, -1/69 HPs)
             Began as a Demigod Earth Elementalist on Mar 2, 2023.
             Slain by a yak (12 damage)
             ... on level 10 of the Dungeon.
             The game lasted 00:21:32 (13048 turns).

McKennaii the Geomancer (DgEE)                     Turns: 13048, Time: 00:21:32

Health: -1/69      AC:  8    Str: 13      XL:     10   Next: 77%
Magic:  6/28       EV: 12    Int: 26 (28) God:
Gold:   959        SH:  0    Dex: 13      Spells: 20/29 levels left

rFire   + . .      SeeInvis .   A - +9 scimitar of the Postmodern Suns {flame, rC+ Will+}
rCold   + + +      Faith    .   (no shield)
rNeg    . . .      Spirit   .   p - +2 robe {rC+}
rPois   .          Reflect  .   q - +0 helmet
rElec   .          Harm     .   E - scarf {rC+ rF+}
rCorr   .          Rampage  .   t - +0 pair of gloves
Will    +++..                   (no boots)
Stlth   ++........              r - amulet of regeneration
HPRegen 1.01/turn               h - ring of wizardry
MPRegen 0.21/turn               w - ring of willpower

@: no status effects
A: high MP 1, forlorn, divine attributes, iridescent scales 1, deterioration 1,
strong 1, subdued magic 1
a: no special abilities


You were on level 10 of the Dungeon.
You visited 1 branch of the dungeon, and saw 10 of its levels.
You also visited: Sewer, Ossuary and Bailey.

You collected 1130 gold pieces.
You spent 171 gold pieces at shops.

Inventory:

Hand Weapons
 n - the +10 mace of Boskuow {speed, Dex+6}
   (You found it on level 4 of the Dungeon)

   Attacks with this weapon are significantly faster.
   Dex:       It affects your dexterity (+6).
 y - the +8 whip "Snakebite" {venom, curare, rPois}
   (You found it in a bailey)

   It poisons the flesh of those it strikes.
   It occasionally inflicts asphyxiating poison on those it strikes, dealing
   poison damage and causing slowness.
   rPois:     It protects you from poison.
 A - the +9 scimitar of the Postmodern Suns (weapon) {flame, rC+ Will+}
   (You found it in a bailey)

   It burns those it strikes, dealing additional fire damage.
   Big, fiery blades are also staple armaments of hydra-hunters.
   rC:        It protects you from cold.
   Will:      It increases your willpower.
 M - the +10 dagger "Ifiteg" {flame, rElec SInv Stlth-}
   (You found it on level 10 of the Dungeon)

   It burns those it strikes, dealing additional fire damage.
   rElec:     It insulates you from electricity.
   SInv:      It lets you see invisible.
   Stlth:     It makes you less stealthy.
Missiles
 f - 4 throwing nets
Armour
 p - a +2 robe of cold resistance (worn)
 q - a +0 helmet (worn)
 t - a +0 pair of gloves (worn)
 E - a scarf of resistance (worn)
 L - a +1 cloak of stealth
Jewellery
 h - a ring of wizardry (left hand)
 r - an amulet of regeneration (around neck)
 w - a ring of willpower (right hand)
 x - a +6 ring of strength
Wands
 v - a wand of roots (2)
 G - a wand of mindburst (4)
 O - a wand of flame (26)
Scrolls
 c - a scroll of acquirement
 e - 2 scrolls of fear
 g - 6 scrolls of enchant armour
 i - a scroll of immolation
 j - 5 scrolls of enchant weapon
 k - 11 scrolls of teleportation
 l - 2 scrolls of poison
 m - 2 scrolls of vulnerability
 s - 2 scrolls of butterflies
 u - a scroll of amnesia
 B - a scroll of silence
 D - 2 scrolls of magic mapping
 J - a scroll of identify
 N - a scroll of blinking {unknown}
Potions
 a - 5 potions of curing
 b - 2 potions of magic
 d - 5 potions of attraction
 o - a potion of resistance
 C - 2 potions of flight
 F - 3 potions of heal wounds {unknown}
 H - 2 potions of berserk rage {unknown}
 I - a potion of invisibility
 K - 2 potions of brilliance


   Skills:
 - Level 1.7 Dodging
 - Level 1.7 Stealth
 + Level 10.2 Spellcasting
 + Level 3.0 Conjurations
 - Level 0.8 Transmutations
 + Level 3.0 Fire Magic
 - Level 10.8 Earth Magic


You had 20 spell levels left.
You knew the following spells:

 Your Spells              Type           Power      Damage    Failure   Level
a - Sandblast             Erth           100%       2d20      1%          1
b - Stone Arrow           Conj/Erth      74%        3d11      1%          3
c - Fireball              Conj/Fire      11%        3d7       13%         5

Your spell library contained the following spells:

 Spells                   Type           Power      Damage    Failure   Level
 Magic Dart               Conj           88%        1d7       1%          1
 Slow                     Hex            40%        N/A       1%          1
 Passwall                 Tmut/Erth      27%        N/A       1%          2
 Petrify                  Tmut/Erth      33%        N/A       1%          4
 Call Imp                 Summ           10%        N/A       2%          2
 Mephitic Cloud           Conj/Pois/Air  14%        N/A       2%          3
 Confusing Touch          Hex            10%        N/A       4%          3
 Vampiric Draining        Necr           10%        2d6       4%          3
 Starburst                Conj/Fire      11%        6d5       56%         6
 Ignition                 Fire           11%        3d5       100%        8


Dungeon Overview and Level Annotations

Branches:
Dungeon (10/15)            Temple (0/1) D:6            Lair (0/5) D:9
  Sewer (visited)         Ossuary (visited)          Bailey (visited)
    Orc: D:9-12

Shops:
D:3 [

Annotations:
D:5 2 transporters


Innate Abilities, Weirdness & Mutations

You have an increased reservoir of magic. (+10% MP)
You shall have no god before yourself.
Your divine heritage dramatically boosts your attributes as you level up.
You are partially covered in iridescent scales. (AC +2)
Your body sometimes deteriorates upon taking damage.
Your muscles are strong. (Str +4, Int/Dex -1)
Your spells are a little easier to cast, but a little less powerful.


Message History

Unknown command.
You barely miss the yak.
The yak is severely wounded.
The yak gores you.
Unknown command.
You slash the yak! You burn the yak.
You kill the yak!
The yak closely misses you.
Your Conjurations skill increases to level 3!
Your Fire Magic skill increases to level 3!
Unknown command.
You hit the yak but do no damage. The yak gores you!
Your body deteriorates!
You feel dopey.
Unknown command.
You slash the yak! You burn the yak.
The yak is moderately wounded.
The yak barely misses you. The yak gores you!
Unknown command.
You slash the yak! You burn the yak.
The yak is moderately wounded.
The yak gores you!
Your body deteriorates!
You feel dopey. The yak gores you! x2
* * * LOW HITPOINT WARNING * * *
The yak attacks as you move away! The yak gores you but does no damage.
The yak attacks as you move away! The yak gores you.
* * * LOW HITPOINT WARNING * * *
Okay, then.
As you read the scroll labelled QODIXK LAXZAFA, it crumbles to dust.
It is a scroll of brand weapon.
You aren't carrying any weapons that can be branded.
The yak gores you!
* * * LOW HITPOINT WARNING * * *
Unknown command.
Unknown command.
Okay, then.
Okay, then.
The yak attacks as you move away! The yak gores you but does no damage.
The yak attacks as you move away! The yak gores you!
You die...

.........................#
................Y.........#
..##......................#
#..........####........#
.).......# #........# #
........####........# .
............[<......# .
....................# .
.......@#####.......# .
......YY# #...#...# .
..##....# #...#...# .
#....#####...#...# .
#................# .
#................# .
#....##...#####........# .
#....##...# #...##...# .
#....##...# #...##...#


You could see 2 yaks.

Vanquished Creatures
  2 trolls (D:10)
  A hornet (D:9)
  Sigmund (D:5)
  2 wyverns
  12 yaks
  Eustachio (D:5)
  Menkaure (D:4)
  3 acid dragons
  A water moccasin (D:7)
  2 orc warriors
  2 ice beasts
  3 black bears
  3 centaurs
  2 ogres
  7 wolves (Bailey)
  A phantom (D:4)
  4 kobold brigands
  Blork the orc (D:4)
  11 gnoll sergeants
  2 bullfrogs (D:7)
  4 scorpions
  3 wights (D:9)
  2 centaur zombies (Ossuary)
  6 hounds
  2 orc priests
  6 gnoll boudas (Bailey)
  2 jellies
  5 iguanas
  4 orc wizards
  3 ogre zombies (Ossuary)
  8 mummies
  20 gnolls
  2 river rats (Sewer)
  12 adders
  A shadow imp (D:6)
  An ufetubus (D:6)
  2 adder zombies (Ossuary)
  2 worms
  4 dart slugs
  34 orcs
  10 ball pythons
  5 bats
  6 endoplasms
  6 giant cockroaches
  3 goblins
  9 hobgoblins
  3 jackals (Sewer)
  3 quokkas
  5 frilled lizards
  5 goblin zombies (Ossuary)
  7 hobgoblin zombies
  14 kobolds
  7 kobold zombies
  3 quokka zombies (Ossuary)
  6 rats
  3 rat zombies (Ossuary)
280 creatures vanquished.

Vanquished Creatures (others)
  An orc wizard (D:6)
  4 plants (Sewer)
5 creatures vanquished.

Grand Total: 285 creatures vanquished

Notes
Turn   | Place    | Note
-------+----------+-------------------------------------------
     0 | D:1      | McKennaii the Demigod Earth Elementalist began the quest
                  | for the Orb.
     0 | D:1      | Reached XP level 1. HP: 14/14 MP: 5/5
   813 | D:1      | Reached XP level 2. HP: 20/20 MP: 4/7
  1447 | D:2      | Reached XP level 3. HP: 26/26 MP: 6/9
  1811 | D:2      | Reached XP level 4. HP: 28/33 MP: 7/11
  2540 | D:3      | Learned a level 3 spell: Stone Arrow
  2808 | D:3      | Found Posibla's Antique Armour Boutique.
  3406 | D:4      | Identified a scroll of acquirement
  3426 | D:4      | Noticed Menkaure
  3449 | D:4      | Found a glowing drain.
  3478 | Sewer    | Entered a sewer
  3756 | Sewer    | Reached XP level 5. HP: 38/38 MP: 11/13
  4190 | Sewer    | Reached XP level 6. HP: 31/45 MP: 6/15
  4507 | Sewer    | Gained mutation: Armour fits poorly on your strangely
                  | shaped body. [potion of mutation]
  4507 | Sewer    | Gained mutation: You are occasionally teleported next to
                  | monsters. [potion of mutation]
  4507 | Sewer    | Gained mutation: Your muscles are strong. (Str +4, Int/Dex
                  | -1) [potion of mutation]
  4508 | Sewer    | Lost mutation: Your muscles are strong. (Str +4, Int/Dex
                  | -1) [potion of mutation]
  4508 | Sewer    | Lost mutation: Armour fits poorly on your strangely shaped
                  | body. [potion of mutation]
  4508 | Sewer    | Gained mutation: You occasionally lose the ability to read
                  | scrolls when taking damage. [potion of mutation]
  4508 | Sewer    | Gained mutation: Your mind is acute. (Int +4, Str/Dex -1)
                  | [potion of mutation]
  4509 | Sewer    | Lost mutation: Your mind is acute. (Int +4, Str/Dex -1)
                  | [potion of mutation]
  4509 | Sewer    | Lost mutation: You occasionally lose the ability to read
                  | scrolls when taking damage. [potion of mutation]
  4509 | Sewer    | Gained mutation: You possess an exceptional clarity of
                  | mind. [potion of mutation]
  4509 | Sewer    | Gained mutation: You occasionally lose the ability to read
                  | scrolls when taking damage. [potion of mutation]
  4509 | Sewer    | Gained mutation: You are frail. (-10% HP) [potion of
                  | mutation]
  4510 | Sewer    | Lost mutation: You occasionally lose the ability to read
                  | scrolls when taking damage. [potion of mutation]
  4510 | Sewer    | Lost mutation: You possess an exceptional clarity of mind.
                  | [potion of mutation]
  4510 | Sewer    | Gained mutation: Your spells are a little harder to cast,
                  | but a little more powerful. [potion of mutation]
  4510 | Sewer    | Gained mutation: Your muscles are strong. (Str +4, Int/Dex
                  | -1) [potion of mutation]
  4511 | Sewer    | Lost mutation: You are occasionally teleported next to
                  | monsters. [potion of mutation]
  4511 | Sewer    | Lost mutation: Your spells are a little harder to cast, but
                  | a little more powerful. [potion of mutation]
  4511 | Sewer    | Gained mutation: You are dopey. (Int -2) [potion of
                  | mutation]
  4511 | Sewer    | Gained mutation: Your spells are a little easier to cast,
                  | but a little less powerful. [potion of mutation]
  4511 | Sewer    | Gained mutation: You have supernaturally acute eyesight.
                  | (SInv) [potion of mutation]
  4512 | Sewer    | Lost mutation: You are dopey. (Int -2) [potion of mutation]
  4512 | Sewer    | Lost mutation: You have supernaturally acute eyesight.
                  | (SInv) [potion of mutation]
  4512 | Sewer    | Lost mutation: You are frail. (-10% HP) [potion of
                  | mutation]
  4512 | Sewer    | Gained mutation: Your body sometimes deteriorates upon
                  | taking damage. [potion of mutation]
  4512 | Sewer    | Gained mutation: You are partially covered in iridescent
                  | scales. (AC +2) [potion of mutation]
  4661 | D:4      | Reached skill level 5 in Earth Magic
  4975 | D:4      | Killed Menkaure
  5079 | D:4      | Reached skill level 5 in Spellcasting
  5079 | D:4      | Reached XP level 7. HP: 50/50 MP: 13/17
  5332 | D:4      | Noticed Blork the orc
  5335 | D:4      | Killed Blork the orc
  5559 | D:4      | Identified the +10 mace of Boskuow {speed, Dex+6}
  5649 | D:3      | Bought a warped robe for 171 gold pieces
  5649 | D:3      | Identified the +2 robe of Fanapteq {Rampage Dex-4 Slay+3}
                  | (You bought it in a shop on level 3 of the Dungeon)
  5690 | D:5      | Entered Level 5 of the Dungeon
  5690 | D:5      | Found a transporter.
  5704 | D:5      | Noticed Sigmund
  6111 | D:5      | Noticed a yak
  6114 | D:5      | Killed Sigmund
  6115 | D:5      | Reached XP level 8. HP: 57/57 MP: 10/20
  6172 | D:5      | Found a transporter.
  6336 | D:5      | Noticed Eustachio
  6358 | D:5      | Killed Eustachio
  7268 | D:6      | Found a staircase to the Ecumenical Temple.
  8151 | D:7      | Reached XP level 9. HP: 62/62 MP: 18/24
  8189 | D:7      | Found a flagged portal.
  8263 | Bailey   | Entered a bailey
  9555 | Bailey   | Found the +8 whip "Snakebite" {venom, curare, rPois}
  9563 | Bailey   | Identified the +9 scimitar of the Postmodern Suns {flame,
                  | rC+ Will+}
 10412 | D:8      | Found a sand-covered staircase.
 10433 | Ossuary  | Entered an ossuary
 10475 | Ossuary  | Reached skill level 10 in Earth Magic
 11132 | D:8      | Reached XP level 10. HP: 69/69 MP: 24/27
 11973 | D:9      | Found a staircase to the Lair.
 12147 | D:9      | Learned a level 5 spell: Fireball
 12387 | D:10     | Entered Level 10 of the Dungeon
 12391 | D:10     | Reached skill level 1 in Conjurations
 12391 | D:10     | Reached skill level 1 in Fire Magic
 12664 | D:10     | Identified the +10 dagger "Ifiteg" {flame, rElec SInv
                  | Stlth-}
 12737 | D:10     | Reached skill level 10 in Spellcasting
 13048 | D:10     | Slain by a yak

Illustrated notes

Levels and vault maps discovered:
D:1:      minmay_arrival_loop, layout_basic, hangedman_glass_teeth
D:2:      layout_basic, minivault_4
D:3:      layout_basic, mainiacjoe_overflow_surrounded_room,
          ebering_ecumenical_altar_webs, serial_shops, nicolae_square_shop,
          nicolae_concentric_dashed_squares_wild, minmay_misc_feat_five
D:4:      layout_loops_cross, cheibrodos_sewer_entry_sluice, uniq_menkaure,
          uniq_blork_the_orc
D:5:      black_bear_nest_1, layout_loops_ring, gammafunk_temple_overflow_arena,
          uniq_sigmund, uniq_eustachio
D:6:      layout_basic, minmay_temple_entry_slanted
D:7:      layout_basic, nicolae_gozag_cash_rules_everything_around_me,
          enter_bailey_4, st_stairs_13
D:8:      layout_basic, nicolae_ossuary_entry_giza, feat_on_display
D:9:      layout_roguey, general_overflow_altar,
          mainiacjoe_overflow_tiny_flanked, mainiacjoe_overflow_paths,
          lair_entry_dummy
D:10:     layout_small_grid, kennysheep_slug_shrine,
          ebering_dispersal_statue_hall

Skill      XL: |  1  2  3  4  5  6  7  8  9 10 |
---------------+-------------------------------+-----
Spellcasting   | 2 3 4 5 6 7 9 10 | 10.2
Earth Magic    | 3 4 5 6 8 10 | 10.8
Conjurations   | 3 |  3.0
Fire Magic     | 3 |  3.0
Dodging        | |  1.7
Stealth        | |  1.7
Transmutations | |  0.8

Action                   |  1- 3 |  4- 6 |  7- 9 | 10-12 || total
-------------------------+-------+-------+-------+-------++-------
Melee: Unarmed           |     5 |       |       |       ||     5
       Dagger            |     2 |       |       |       ||     2
       Mace              |       |       |    21 |       ||    21
       Scimitar          |       |       |       |    24 ||    24
 Cast: Sandblast         |    52 |    74 |   220 |    46 ||   392
       Stone Arrow       |       |    11 |    89 |    44 ||   144
  Use: Scroll            |       |     6 |    11 |     3 ||    20
       Potion            |       |    14 |       |       ||    14
Armor: Robe              |     4 |    10 |    52 |    13 ||    79
Dodge: Dodged            |    18 |    34 |   126 |    42 ||   220
